cohdb
Replays
Latest Replays
All Replays
Popular Replays
Top Player Replays
Match Explorer
How It Works
Community
CoH3 Stats
Reddit
Sign in to upload your games and track your stats! →
Sign in with Steam
Match 44576815
Unlisted
Match 44576815
Overview
Messages
Build Orders
End
250 Light Carrier
Selects Armored Support Battlegroup
Panzerpioneer Squad
Panzerpioneer Squad
250 Light Carrier
Construct Light Support Kompanie
Combat Half-tracks
Selects Veteran Gunners
MG34 Team
Construct Mechanized Kompanie
MG34 Team
Support Armor Elements
2.5-tonne Medical Truck
Selects Salvage Kits
StuG III D Assault Gun
Assault Grenadier Squad
Pak 38 Anti-tank Gun Team
Man in search of truth
[Strike]LaserClaw
bigridge69
dan legend
MonkeySpoon
Kraiter
0
0
Comments
sign in to comment!
No comments posted yet!